MLB
MILWAUKEE BREWERS @ KANSAS CITY ROYALS
09/25/2041
 
TOP OF THE 1ST
Milwaukee Brewers batting - Pitching for Kansas City Royals : RHP Cal Griffin
Pitching: RHP Cal Griffin
Batting: SHB José Hernández 0-0: Ball
1-0: Foul Ball, location: 2F
1-1: Ball
2-1: Foul Ball, location: 7LSF
2-2: Foul Ball, location: 5F
2-2: Ball
3-2: Strikes out looking
Batting: RHB Rico Rodríguez 0-0: Foul Ball, location: 9LSF
0-1: Ball
1-1: Ball
2-1: Ground out 5-3 (Groundball, 5, EV 66.3 MPH)
Batting: RHB Pepe Franco 0-0: Ground out 5-3 (Groundball, 5, EV 79.4 MPH)
Top of the 1st over - 0 runs, 0 hits, 0 errors, 0 left on base; Milwaukee 0 - Kansas City 0
BOTTOM OF THE 1ST
Kansas City Royals batting - Pitching for Milwaukee Brewers : LHP Tim Murray
Pitching: LHP Tim Murray
Batting: LHB Joe Jacobson 0-0: Ball
1-0: Ball
2-0: Called Strike
2-1: Foul Ball, location: 7LMF
2-2: Ball
3-2: Fly out, F7 (Flyball, 7LMF, EV 91.3 MPH)
Batting: LHB Kade Brown 0-0: Ball
1-0: SINGLE (Line Drive, 4D, EV 95.6 MPH)
Batting: LHB Luis Díaz 0-0: Ball
1-0: Ball
2-0: Fly out, F8 (Flyball, 8LM, EV 101.3 MPH)
Batting: RHB Jerry Hodge 0-0: Swinging Strike
0-1: Called Strike
0-2: Strikes out looking
Bottom of the 1st over - 0 runs, 1 hit, 0 errors, 1 left on base; Milwaukee 0 - Kansas City 0
TOP OF THE 2ND
Milwaukee Brewers batting - Pitching for Kansas City Royals : RHP Cal Griffin
Batting: LHB Jorge Ramírez 0-0: Ball
1-0: Ball
2-0: Swinging Strike
2-1: Foul Ball, location: 5F
2-2: Foul Ball, location: 23F
2-2: Strikes out swinging
Batting: RHB Josh Forrest 0-0: Called Strike
0-1: Ball
1-1: Ball
2-1: Called Strike
2-2: Fly out, F7 (Flyball, 7, EV 93.1 MPH)
Batting: RHB José Cruz 0-0: Ball
1-0: Foul Ball, location: 9LDF
1-1: Ball
2-1: Called Strike
2-2: Foul Ball, location: 9LSF
2-2: Fly out, F7 (Line Drive, 78M, EV 95.0 MPH)
Top of the 2nd over - 0 runs, 0 hits, 0 errors, 0 left on base; Milwaukee 0 - Kansas City 0
BOTTOM OF THE 2ND
Kansas City Royals batting - Pitching for Milwaukee Brewers : LHP Tim Murray
Batting: SHB Joseph Tornatore 0-0: Foul Ball, location: 2F
0-1: Ball
1-1: Swinging Strike
1-2: Ball
2-2: Foul Ball, location: 2F
2-2: Ball
3-2: Strikes out looking
Batting: RHB Jesús Rodríguez 0-0: Called Strike
0-1: Ground out 6-3 (Groundball, 6, EV 96.9 MPH)
Batting: RHB Augusto Guerra 0-0: Ball
1-0: Ground out 4-3 (Groundball, 4, EV 81.3 MPH)
Bottom of the 2nd over - 0 runs, 0 hits, 0 errors, 0 left on base; Milwaukee 0 - Kansas City 0
TOP OF THE 3RD
Milwaukee Brewers batting - Pitching for Kansas City Royals : RHP Cal Griffin
Batting: LHB Dave Lynch 0-0: Ball
1-0: Foul Ball, location: 2F
1-1: Ball
2-1: SINGLE (Line Drive, 89S, EV 86.3 MPH)
Batting: LHB Wally Brown 0-0: Ball
1-0: Fly out, F9 (Flyball, 9, EV 94.4 MPH)
Batting: SHB Jim Henderson Jr. 0-0: Ball
1-0: Fly out, F9 (Flyball, 89XD, EV 101.3 MPH)
Batting: SHB José Hernández 0-0: Called Strike
0-1: Called Strike
0-2: Ball
Dave Lynch is caught stealing 2nd base 2-6
Top of the 3rd over - 0 runs, 1 hit, 0 errors, 0 left on base; Milwaukee 0 - Kansas City 0
BOTTOM OF THE 3RD
Kansas City Royals batting - Pitching for Milwaukee Brewers : LHP Tim Murray
Batting: RHB Steve Anderson 0-0: Called Strike
0-1: Called Strike
0-2: Foul Ball, location: 5FF
0-2: Ground out U3 (Groundball, 3L, EV 84.4 MPH)
Batting: RHB Humberto Benizi 0-0: Called Strike
0-1: Ball
1-1: Swinging Strike
1-2: Ball
2-2: Foul Ball, location: 9LMF
2-2: Strikes out swinging
Batting: LHB Joe Jacobson 0-0: SINGLE (Groundball, 3, EV 81.3 MPH)
Batting: LHB Kade Brown 0-0: Ball
1-0: Called Strike
1-1: Called Strike
1-2: Ball
2-2: Ground out U3 (Groundball, 3L, EV 82.5 MPH)
Bottom of the 3rd over - 0 runs, 1 hit, 0 errors, 1 left on base; Milwaukee 0 - Kansas City 0
TOP OF THE 4TH
Milwaukee Brewers batting - Pitching for Kansas City Royals : RHP Cal Griffin
Batting: SHB José Hernández 0-0: Foul Ball, location: 7LSF
0-1: Ball
1-1: Ball
2-1: SINGLE (Line Drive, 8LS, EV 88.8 MPH)
Batting: RHB Rico Rodríguez 0-0: Bunted foul
0-1: Bunted foul
0-2: Ball
1-2: Strikes out swinging
Batting: RHB Pepe Franco 0-0: Ball
1-0: Ball
2-0: Ball
3-0: Foul Ball, location: 9LSF
3-1: Called Strike
3-2: Fly out, F8 (Line Drive, 78M, EV 78.8 MPH)
Batting: LHB Jorge Ramírez 0-0: Called Strike
José Hernández steals 2nd base (no throw)
0-1: Ball
1-1: Foul Ball, location: 25F
1-2: Ball
2-2: Ball
3-2: Strikes out swinging
Top of the 4th over - 0 runs, 1 hit, 0 errors, 1 left on base; Milwaukee 0 - Kansas City 0
BOTTOM OF THE 4TH
Kansas City Royals batting - Pitching for Milwaukee Brewers : LHP Tim Murray
Batting: LHB Luis Díaz 0-0: Called Strike
0-1: Ball
1-1: Ball
2-1: Ground out 1-3 (Groundball, 23, EV 66.9 MPH)
Batting: RHB Jerry Hodge 0-0: Ball
1-0: Ball
2-0: Ball
3-0: Called Strike
3-1: Swinging Strike
3-2: Foul Ball, location: 2F
3-2: Fly out, F8 (Flyball, 8RD, EV 95.0 MPH)
Batting: SHB Joseph Tornatore 0-0: Ball
1-0: Ball
2-0: Called Strike
2-1: Called Strike
2-2: Ball
3-2: Base on Balls
Batting: RHB Jesús Rodríguez 0-0: Ball
Passed Ball!
Joseph Tornatore to second
1-0: Called Strike
1-1: Ball
2-1: SINGLE (Line Drive, 6D, EV 108.8 MPH)
Joseph Tornatore to third
Runner from 3rd tries for Home, throw by CF and OUT! 8-2
Bottom of the 4th over - 0 runs, 1 hit, 0 errors, 1 left on base; Milwaukee 0 - Kansas City 0
TOP OF THE 5TH
Milwaukee Brewers batting - Pitching for Kansas City Royals : RHP Cal Griffin
Batting: RHB Josh Forrest 0-0: Ball
1-0: Ball
2-0: Called Strike
2-1: Ball
3-1: Base on Balls
Batting: RHB José Cruz 0-0: Called Strike
0-1: Bunted foul
0-2: Foul Ball, location: 2F
0-2: Ball
1-2: Fly out, F3 (Line Drive, 34, EV 62.5 MPH)
Batting: LHB Dave Lynch 0-0: Called Strike
0-1: Ball
1-1: Grounds into double play, 4-6-3 (Groundball, 4, EV 99.4 MPH)
Top of the 5th over - 0 runs, 0 hits, 0 errors, 0 left on base; Milwaukee 0 - Kansas City 0
BOTTOM OF THE 5TH
Kansas City Royals batting - Pitching for Milwaukee Brewers : LHP Tim Murray
Batting: RHB Augusto Guerra 0-0: Ball
1-0: Ball
2-0: Foul Ball, location: 9LDF
2-1: Fly out, F8 (Flyball, 8RD, EV 93.1 MPH)
Batting: RHB Steve Anderson 0-0: Ground out 4-3 (Groundball, 4, EV 88.8 MPH)
Batting: RHB Humberto Benizi 0-0: Called Strike
0-1: Called Strike
0-2: Ball
1-2: Foul Ball, location: 2F
1-2: Foul Ball, location: 9LMF
1-2: Ball
2-2: Strikes out swinging
Bottom of the 5th over - 0 runs, 0 hits, 0 errors, 0 left on base; Milwaukee 0 - Kansas City 0
TOP OF THE 6TH
Milwaukee Brewers batting - Pitching for Kansas City Royals : RHP Cal Griffin
Batting: LHB Wally Brown 0-0: Called Strike
0-1: Ball
1-1: Ground out 6-3 (Groundball, 6M, EV 108.1 MPH)
Batting: SHB Jim Henderson Jr. 0-0: Ball
1-0: Called Strike
1-1: Foul Ball, location: 3F
1-2: Foul Ball, location: 9LDF
1-2: Ball
2-2: Fly out, F7 (Line Drive, 78M, EV 85.6 MPH)
Batting: SHB José Hernández 0-0: Ball
1-0: Ball
2-0: Ball
3-0: Base on Balls
Batting: RHB Rico Rodríguez 0-0: Swinging Strike
0-1: Swinging Strike
0-2: Strikes out looking
Top of the 6th over - 0 runs, 0 hits, 0 errors, 1 left on base; Milwaukee 0 - Kansas City 0
BOTTOM OF THE 6TH
Kansas City Royals batting - Pitching for Milwaukee Brewers : LHP Tim Murray
Batting: LHB Joe Jacobson 0-0: Foul Ball, location: 5F
0-1: Foul Ball, location: 2F
0-2: Strikes out swinging
Batting: LHB Kade Brown 0-0: Foul Ball, location: 2F
0-1: Foul Ball, location: 2F
0-2: Ball
1-2: Fly out, F5 (Popup, 5SF, EV 66.9 MPH)
Batting: LHB Luis Díaz 0-0: Ball
1-0: Ball
2-0: Ball
3-0: Called Strike
3-1: Ground out 1-3 (Groundball, 13S, EV 73.1 MPH)
Bottom of the 6th over - 0 runs, 0 hits, 0 errors, 0 left on base; Milwaukee 0 - Kansas City 0
TOP OF THE 7TH
Milwaukee Brewers batting - Pitching for Kansas City Royals : RHP Cal Griffin
Batting: RHB Pepe Franco 0-0: Ball
1-0: Swinging Strike
1-1: Swinging Strike
1-2: Ball
2-2: Ground out 5-3 (Groundball, 56, EV 85.0 MPH)
Pitching: LHP Kevin Barnes
Batting: RHB Juan Alvarado 0-0: Ball
1-0: Called Strike
1-1: Ball
2-1: Fly out, F3 (Popup, 3S, EV 76.3 MPH)
Batting: RHB Josh Forrest 0-0: Ground out 5-3 (Groundball, 56, EV 78.8 MPH)
Top of the 7th over - 0 runs, 0 hits, 0 errors, 0 left on base; Milwaukee 0 - Kansas City 0
BOTTOM OF THE 7TH
Kansas City Royals batting - Pitching for Milwaukee Brewers : LHP Tim Murray
Batting: RHB Jerry Hodge 0-0: Ground out 4-3 (Groundball, 4M, EV 95.6 MPH)
Batting: SHB Joseph Tornatore 0-0: Fly out, F9 (Flyball, 89S, EV 98.8 MPH)
Batting: RHB Jesús Rodríguez 0-0: Ball
1-0: Ball
2-0: SINGLE (Line Drive, 6MD, EV 98.1 MPH)
Pitching: LHP Albert Hernández
Batting: RHB Augusto Guerra 0-0: Ball
1-0: Swinging Strike
1-1: Called Strike
1-2: Foul Ball, location: 9LMF
1-2: Ball
2-2: Ground out 4-3 (Groundball, 4, EV 83.1 MPH)
Bottom of the 7th over - 0 runs, 1 hit, 0 errors, 1 left on base; Milwaukee 0 - Kansas City 0
TOP OF THE 8TH
Milwaukee Brewers batting - Pitching for Kansas City Royals : LHP Kevin Barnes
Pitching: LHP Tim Foster
Batting: RHB José Cruz 0-0: Foul Ball, location: 9LDF
0-1: Ball
1-1: Called Strike
1-2: Ball
2-2: Foul Ball, location: 2F
2-2: Foul Ball, location: 9LMF
2-2: Ground out 5-3 (Groundball, 56S, EV 88.1 MPH)
Pinch Hitting: RHB António Hernández 0-0: Called Strike
0-1: Ball
1-1: Ground out 4-3 (Groundball, 4, EV 84.4 MPH)
Batting: LHB Wally Brown 0-0: Foul Ball, location: 25FF
0-1: Called Strike
0-2: Foul Ball, location: 7LSF
0-2: Strikes out swinging
Top of the 8th over - 0 runs, 0 hits, 0 errors, 0 left on base; Milwaukee 0 - Kansas City 0
BOTTOM OF THE 8TH
Kansas City Royals batting - Pitching for Milwaukee Brewers : LHP Albert Hernández
Pitching: RHP Edgardo Guzmán
Now in CF: Dan Thompson
Pinch Hitting: LHB Tomás Rodríguez 0-0: SINGLE (Line Drive, 7S, EV 94.4 MPH)
Batting: RHB Humberto Benizi 0-0: Foul Ball, location: 9LDF
0-1: Sac Bunt to P - play at first, batter OUT! 1-3
Tomás Rodríguez to second
Batting: LHB Joe Jacobson 0-0: Intentional Walk
Pinch Runner at 2nd Freddy López:
Batting: LHB Kade Brown 0-0: Called Strike
0-1: Grounds into double play, 6-4-3 (Groundball, 6D, EV 100.0 MPH)
Bottom of the 8th over - 0 runs, 1 hit, 0 errors, 1 left on base; Milwaukee 0 - Kansas City 0
TOP OF THE 9TH
Milwaukee Brewers batting - Pitching for Kansas City Royals : LHP Tim Foster
Pitching: RHP Andy McClendon
Now at 2B: Joseph Tornatore
Now at SS: Del Koopman
Batting: SHB Jim Henderson Jr. 0-0: Ball
1-0: Ball
2-0: Ball
3-0: Called Strike
3-1: Base on Balls
Batting: SHB José Hernández 0-0: Ball
1-0: Foul Ball, location: 25F
1-1: Foul Ball, location: 5F
1-2: Foul Ball, location: 2F
1-2: Ball
2-2: Ball
Passed Ball!
Jim Henderson Jr. to second
3-2: Strikes out swinging
Batting: RHB Rico Rodríguez 0-0: Ground out 6-3 (Groundball, 6, EV 98.8 MPH)
Batting: RHB Pepe Franco 0-0: Foul Ball, location: 9LDF
0-1: SINGLE (Line Drive, 9LS, EV 91.9 MPH)
Jim Henderson Jr. to third
Runner from 3rd tries for Home, SAFE, throw by RF to home
Batting: RHB Juan Alvarado 0-0: Swinging Strike
0-1: Ground out 1-3 (Groundball, 15S, EV 61.9 MPH)
Top of the 9th over - 1 run, 1 hit, 0 errors, 1 left on base; Milwaukee 1 - Kansas City 0
BOTTOM OF THE 9TH
Kansas City Royals batting - Pitching for Milwaukee Brewers : RHP Edgardo Guzmán
Pitching: RHP Tony O'Quinn
Now at 3B: Dan Howard
Batting: LHB Luis Díaz 0-0: Ball
1-0: Ball
2-0: Called Strike
2-1: Called Strike
2-2: Foul Ball, location: 2F
2-2: Fly out, F7 (Flyball, 7S, EV 91.3 MPH)
Batting: RHB Jerry Hodge 0-0: Ball
1-0: Foul Ball, location: 23F
1-1: Ground out 6-3 (Groundball, 6, EV 78.8 MPH)
Batting: SHB Joseph Tornatore 0-0: Ball
1-0: Ball
2-0: Swinging Strike
2-1: Ground out 5-3 (Groundball, 5, EV 91.3 MPH)
Bottom of the 9th over - 0 runs, 0 hits, 0 errors, 0 left on base; Milwaukee 1 - Kansas City 0
Sunday, March 24th , 2024 - OOTP Baseball 24.10 Build 82